 Dungeon Crawl Stone Soup version 0.21.1-1-g345015fe64 (webtiles) character file.

48449 patthesweetcat the Severer (level 14, -4/129 HPs)
             Began as a Minotaur Berserker on June 29, 2018.
             Was a High Priest of Trog.
             Splashed by an acid blob's acid (14 damage)
             ... on level 1 of the Pits of Slime.
             The game lasted 01:29:17 (23958 turns).

patthesweetcat the Severer (Minotaur Berserker)    Turns: 23958, Time: 01:29:17

Health: -4/129     AC:  5    Str: 28    XL:     14   Next: 12%
Magic:  0/4        EV: 11    Int:  4    God:    Trog [*****.]
Gold:   1669       SH: 16    Dex: 14    Spells: 13/13 levels left

rFire    + . .     SeeInvis .   r - +5 broad axe (antimagic)
rCold    x . .     Gourm    .   A - +3 shield
rNeg     + . .     Faith    .   k - +0 chain mail
rPois    +         Spirit   .   (helmet restricted)
rElec    +         Reflect  .   I - +0 cloak
rCorr    .         Harm     .   h - +0 pair of gloves
MR       +....                  l - +0 pair of boots
Stlth    ..........             C - amulet of Makhleb's Pride {*Drain rElec rPois rN+ Regen+}
HPRegen  0.71/turn              d - ring of fire
MPRegen  0.09/turn              i - +5 ring of dexterity

@: corroded
A: retaliatory headbutt, horns 2
a: Berserk, Trog's Hand, Brothers in Arms, Burn Spellbooks, Renounce Religion


You were on level 1 of the Pits of Slime.
You worshipped Trog.
Trog was extremely pleased with you.
You were not hungry.

You visited 3 branches of the dungeon, and saw 18 of its levels.

You collected 1696 gold pieces.
You spent 27 gold pieces at shops.

Inventory:

Hand Weapons
 r - a +5 antimagic broad axe (weapon)
Armour
 h - a +0 pair of gloves (worn)
 k - a +0 chain mail (worn)
 l - a +0 pair of boots (worn)
 A - a +3 shield (worn)
 I - a +0 cloak (worn)
 L - the +6 plate armour "Jiuhaokk" {rPois rC- rN+ MP+9, unknown}
   (You found it on level 6 of the Lair of Beasts)

   It makes you vulnerable to cold.
   It protects you from poison.
   It protects you from negative energy.
   It affects your magic capacity (+9).
Jewellery
 a - an uncursed amulet of harm {unknown}
 d - a ring of fire (left hand)
 i - a +5 ring of dexterity (right hand)
 p - an uncursed ring of protection from cold
 v - an uncursed ring of fire
 y - a +4 amulet of reflection
 B - an uncursed ring of protection from cold
 C - the amulet of Makhleb's Pride (around neck) {*Drain rElec rPois rN+ Regen+}
   (You found it on level 2 of the Lair of Beasts)

   [amulet of regeneration]

   It insulates you from electricity.
   It protects you from poison.
   It protects you from negative energy.
   It increases your rate of regeneration.
   It causes draining when unequipped.
 K - an uncursed ring of poison resistance {unknown}
 M - the ring of Immorality {rC++ MR- Str+3, unknown}
   (You found it on level 5 of the Lair of Beasts)

   [ring of strength]

   It affects your strength (+3).
   It greatly protects you from cold.
   It affects your resistance to hostile enchantments.
 N - an uncursed ring of protection from cold
 Q - an uncursed ring of ice {unknown}
Wands
 f - a wand of enslavement (7)
 j - a wand of acid (5)
 s - a wand of paralysis (9)
 u - a wand of flame (1)
 F - a wand of iceblast (9)
Scrolls
 n - 4 scrolls of remove curse
 w - 2 scrolls of blinking
 x - a scroll of fear
 z - 4 scrolls of teleportation
 J - a scroll of identify
 P - a scroll of enchant armour
Potions
 b - 5 potions of mutation
 e - 3 potions of haste
 g - 2 potions of ambrosia {unknown}
 m - 13 potions of curing
 o - 6 potions of brilliance
 q - 3 potions of flight {unknown}
 t - 3 potions of might {unknown}
 E - 3 potions of heal wounds
 G - a potion of resistance {unknown}
Books
 H - a book of Minor Magic

   Spells                             Type                      Level
   a - Magic Dart                     Conjuration                  1
   b - Blink                          Translocation                2
   c - Call Imp                       Summoning                    2
   d - Slow                           Hexes                        2
   e - Conjure Flame                  Conjuration/Fire             3
   f - Mephitic Cloud                 Conjuration/Poison/Air       3
   Trog disapproves of the use of such an item.
 O - a book of Cantrips

   Spells                             Type                      Level
   a - Confusing Touch                Hexes                        1
   b - Animate Skeleton               Necromancy                   1
   c - Summon Small Mammal            Summoning                    1
   d - Apportation                    Translocation                1
   Trog disapproves of the use of such an item.
Miscellaneous
 D - a lightning rod (4/4)
Comestibles
 c - 8 rations


   Skills:
 + Level 13.1 Fighting
 + Level 18.0 Axes
 + Level 13.9 Armour
 + Level 5.8 Dodging
 + Level 3.0 Stealth
 + Level 9.8 Shields
 + Level 1.6 Evocations


You had 13 spell levels left.
You didn't know any spells.

Dungeon Overview and Level Annotations

Branches:
Dungeon (11/15)            Temple (0/1) D:6            Lair (6/6) D:11
 Shoals (0/4) Lair:3        Snake (0/4) Lair:4        Slime (1/5) Lair:6
    Orc (0/2) D:9

Altars:
Ashenzari
Hepliaklqana
Makhleb
Nemelex Xobeh
Okawaru
Qazlal
Ru
Uskayaw
Wu Jian
The Shining One

Shops:
D:10 (   D:11 *

Portals:
Trove: D:11 (give 2 scrolls of acquirement)

Annotations:
Lair:3 exclusion: oklob plant


Innate Abilities, Weirdness & Mutations

You reflexively headbutt those who attack you in melee.
You have a pair of horns on your head.


Message History

The acid burns!
The acid blob spits acid at you. The splash of acid hits you!
You are splashed with acid!
The acid burns!
The acid blob spits acid at you. The splash of acid hits you!
The acid corrodes you!
You are splashed with acid!
The acid burns!
The acid blob spits acid at you. The splash of acid hits you!
The acid corrodes you!
You are splashed with acid!
The acid burns!
There is a staircase back to the Lair here.
The acid blob spits acid at you. The splash of acid hits you!
* * * LOW HITPOINT WARNING * * *
You are splashed with acid!
The acid burns!
* * * LOW HITPOINT WARNING * * *
The eye of draining gazes at you. The acid blob spits acid at you.
The splash of acid hits you!
* * * LOW HITPOINT WARNING * * *
The acid corrodes you!
You are splashed with acid!
The acid burns!
You die...

#.#. ##.#. # ##
#.... # #.#..
#... ..
.....##..# ..#
.........# ....
.......J.#.....
....J.....G..>.
#......@.J.....
...............
#.#......##....
# #....... ...
.......... ..
........#.## .
........###
#.#.##...


You could see 3 acid blobs and an eye of draining.

Vanquished Creatures
  The ghost of WobbleTop the Covert, a journeyman VSEn of Wu Jian (Lair:6)
  7 hydras
  2 catoblepae
  3 death yaks (Lair:6)
  4 two-headed ogres
  2 lindwurms
  2 manticores (Lair:6)
  A merfolk siren (Lair:3)
  5 elephants
  4 black mambas
  14 spiny frogs
  2 freezing wraiths (D:11)
  4 komodo dragons
  An efreet (D:10)
  2 rime drakes
  Prince Ribbit (D:6)
  2 trolls (D:10)
  A hornet (D:10)
  3 polar bears (Lair:6)
  2 slime creatures
  9 blink frogs
  3 dream sheep (Lair:6)
  3 hippogriffs
  54 yaks
  2 basilisks
  A wraith (D:11)
  Eustachio (D:6)
  3 hungry ghosts
  4 nagas (Lair:4)
  Edmund (D:6)
  2 soldier ants (D:10)
  10 porcupines
  7 water moccasins
  4 black bears
  2 orc warriors
  A necrophage (D:10)
  2 eyes of draining
  4 ice beasts
  3 phantoms
  5 ogres
  3 sky beasts
  2 centaurs
  11 wolves
  6 crocodiles
  12 bullfrogs
  A gnoll sergeant (D:10)
  8 scorpions
  3 killer bees (D:7)
  7 wights
  3 howler monkeys
  5 crimson imps
  A bullfrog zombie (D:11)
  2 centaur zombies
  5 jellies
  A bullfrog skeleton (D:10)
  Ijyb (D:5)
  2 hounds
  8 orc priests
  3 centaur skeletons
  An iguana (D:7)
  12 worker ants
  10 orc wizards
  A killer bee zombie (D:6)
  11 gnolls
  12 adders
  A shadow imp (D:11)
  3 oozes (D:1)
  An adder skeleton (D:7)
  An adder zombie (D:9)
  6 worms
  5 leopard geckos
  66 orcs
  3 giant cockroaches
  4 goblins (D:1)
  9 hobgoblins
  9 jackals
  9 kobolds
  5 quokkas
  2 ball pythons (D:1)
  7 bats
  8 frilled lizards
  A goblin skeleton (D:4)
  A goblin zombie (D:4)
  2 hobgoblin zombies (D:4)
  A kobold skeleton (D:4)
  3 kobold zombies (D:4)
  A leopard gecko skeleton (D:7)
  A leopard gecko zombie (D:7)
  An orc zombie (D:4)
  7 rats
  2 butterflies (D:6)
  3 fungi
  2 plants
479 creatures vanquished.

Vanquished Creatures (collateral kills)
  Snorg (D:10)
  2 two-headed ogres (D:10)
  3 cyclopes
  A komodo dragon (Lair:3)
  2 rime drakes
  An efreet (D:9)
  A troll (D:10)
  A yak (D:10)
  A basilisk (Lair:1)
  A porcupine (Lair:3)
  An ice beast (D:10)
  A wight (D:10)
  A crimson imp (D:10)
  A bullfrog zombie (D:10)
  A bullfrog skeleton (D:10)
  An adder (D:10)
  3 gnolls
  2 leopard geckos
  2 orcs
27 creatures vanquished.

Vanquished Creatures (others)
  A bush (Lair:6)
  A fungus (Lair:6)
  4 plants
6 creatures vanquished.

Grand Total: 512 creatures vanquished

Notes
Turn   | Place    | Note
-------+----------+-------------------------------------------
     0 | D:1      | patthesweetcat the Minotaur Berserker began the quest for the Orb.
     0 | D:1      | Reached XP level 1. HP: 19/19 MP: 0/0
    48 | D:1      | Reached XP level 2. HP: 21/27 MP: 1/1
   124 | D:1      | Reached skill level 4 in Axes
   531 | D:1      | Reached XP level 3. HP: 33/33 MP: 2/2
   642 | D:1      | Reached ** piety under Trog
  1905 | D:2      | Reached XP level 4. HP: 30/41 MP: 3/3
  2457 | D:3      | Reached skill level 5 in Axes
  2724 | D:3      | Reached XP level 5. HP: 33/47 MP: 4/4
  3050 | D:3      | Reached *** piety under Trog
  3284 | D:3      | Found a burning altar of Makhleb.
  3652 | D:4      | Found a hide-covered altar of Uskayaw.
  3652 | D:4      | Noticed a hand axe
  3652 | D:4      | Noticed a hand axe
  3697 | D:4      | Reached skill level 6 in Axes
  3719 | D:4      | Found a glowing golden altar of the Shining One.
  3738 | D:4      | Reached XP level 6. HP: 55/55 MP: 5/5
  3785 | D:4      | Reached skill level 5 in Fighting
  3975 | D:4      | Found an ornate altar of the Wu Jian Council.
  4095 | D:4      | Reached skill level 7 in Axes
  4097 | D:4      | Found a sparkling altar of Nemelex Xobeh.
  4103 | D:4      | Reached **** piety under Trog
  4120 | D:4      | Reached XP level 7. HP: 23/61 MP: 6/6
  4704 | D:5      | Entered Level 5 of the Dungeon
  4894 | D:5      | Found an iron altar of Okawaru.
  4895 | D:5      | Noticed Ijyb
  4906 | D:5      | Killed Ijyb
  5421 | D:5      | Reached skill level 5 in Armour
  6399 | D:6      | Found a staircase to the Ecumenical Temple.
  6499 | D:6      | Reached skill level 8 in Axes
  6629 | D:6      | Reached skill level 1 in Stealth
  6792 | D:6      | Noticed Prince Ribbit
  6932 | D:6      | Noticed Eustachio
  6942 | D:6      | Killed Eustachio
  6942 | D:6      | Reached XP level 8. HP: 70/70 MP: 7/7
  7012 | D:6      | Killed Prince Ribbit
  7095 | D:6      | Found a shattered altar of Ashenzari.
  7159 | D:6      | Noticed Edmund
  7167 | D:6      | Killed Edmund
  7362 | D:6      | Reached skill level 9 in Axes
  7983 | D:7      | Found a stormy altar of Qazlal.
  8286 | D:7      | Reached XP level 9. HP: 78/78 MP: 8/8
  8758 | D:8      | Reached ***** piety under Trog
  8763 | D:8      | Reached skill level 10 in Axes
  9261 | D:8      | Found a sacrificial altar of Ru.
  9281 | D:8      | Found an iron altar of Okawaru.
  9928 | D:9      | Noticed an efreet
 10459 | D:8      | Reached skill level 11 in Axes
 11030 | D:9      | Reached skill level 10 in Armour
 11032 | D:9      | Reached XP level 10. HP: 88/88 MP: 9/9
 11508 | D:9      | Found a hazy altar of Hepliaklqana.
 11680 | D:9      | Found a staircase to the Orcish Mines.
 11754 | D:9      | Found a hazy altar of Hepliaklqana.
 11835 | D:10     | Entered Level 10 of the Dungeon
 12108 | D:10     | Noticed Snorg
 12112 | D:10     | Killed Snorg
 12362 | D:10     | Found Rewnaen's Antique Weapon Shop.
 12447 | D:10     | Received a gift from Trog
 12447 | D:10     | Reached skill level 12 in Axes
 12854 | D:10     | Noticed a two-headed ogre
 12867 | D:10     | Killed a two-headed ogre
 12867 | D:10     | Reached skill level 5 in Dodging
 13335 | D:10     | Reached skill level 1 in Shields
 13355 | D:10     | Noticed a cyclops
 13366 | D:10     | Killed a cyclops
 13366 | D:10     | Reached XP level 11. HP: 77/97 MP: 3/10
 13383 | D:10     | Noticed a two-headed ogre
 13386 | D:10     | Noticed a two-headed ogre
 13386 | D:10     | Killed a two-headed ogre
 13389 | D:10     | Killed a two-headed ogre
 13405 | D:10     | Noticed a two-headed ogre
 13414 | D:10     | Reached skill level 13 in Axes
 13507 | D:10     | Killed a two-headed ogre
 13611 | D:10     | Got a twisted ring mail
 13737 | D:10     | Reached skill level 10 in Fighting
 13947 | D:11     | Noticed a two-headed ogre
 13952 | D:11     | Noticed a death knight
 13955 | D:11     | Killed a two-headed ogre
 14464 | D:11     | Found a staircase to the Lair.
 14602 | D:11     | Reached skill level 14 in Axes
 14686 | D:11     | Noticed a two-headed ogre
 14704 | D:11     | Killed a two-headed ogre
 14940 | D:11     | Found a portal to a secret trove of treasure.
 15131 | D:11     | Reached XP level 12. HP: 108/108 MP: 3/11
 15141 | D:11     | Reached skill level 5 in Shields
 15315 | D:11     | Found Pitwibes's Assorted Antiques.
 15427 | D:11     | Bought a scroll labeled DICHIV NUTUMP for 27 gold pieces
 15528 | Lair:1   | Entered Level 1 of the Lair of Beasts
 15544 | Lair:1   | Reached skill level 15 in Axes
 16926 | Lair:2   | Got a steaming emerald amulet
 17055 | Lair:2   | Identified the amulet of Makhleb's Pride {*Drain rElec rPois rN+ Regen+} (You found it on level 2 of the Lair of Beasts)
 17771 | Lair:3   | Reached skill level 16 in Axes
 17937 | Lair:3   | Noticed a four-headed hydra
 17946 | Lair:3   | Killed a six-headed hydra
 18100 | Lair:3   | Reached skill level 1 in Evocations
 18457 | Lair:3   | Found a staircase to the Shoals.
 19982 | Lair:4   | Reached XP level 13. HP: 116/116 MP: 3/13
 20185 | Lair:4   | Found a staircase to the Snake Pit.
 21872 | Lair:5   | Reached skill level 17 in Axes
 21902 | Lair:5   | Got a scorched platinum ring
 21945 | Lair:6   | Entered Level 6 of the Lair of Beasts
 22232 | Lair:6   | Found a staircase to the Slime Pits.
 22517 | Lair:6   | Noticed WobbleTop's ghost (journeyman VSEn)
 22531 | Lair:6   | Killed WobbleTop's ghost
 23168 | Lair:6   | Reached XP level 14. HP: 129/129 MP: 4/14
 23411 | Lair:6   | Got a jewelled plate armour
 23451 | Lair:6   | Reached skill level 18 in Axes
 23953 | Slime:1  | Entered Level 1 of the Pits of Slime
 23953 | Slime:1  | Noticed an acid blob
 23953 | Slime:1  | Noticed an acid blob
 23953 | Slime:1  | Noticed an acid blob
 23958 | Slime:1  | Splashed by an acid blob's acid

Skill      XL: |  1  2  3  4  5  6  7  8  9 10 11 12 13 14 |
---------------+-------------------------------------------+-----
Fighting       | 4 5 6 8 9 10 11 13 | 13.1
Axes           | 4 5 6 7 8 9 11 12 14 16 17 18 | 18.0
Dodging        | 3 4 5 |  5.8
Armour         | 3 4 5 8 10 11 12 13 | 13.9
Stealth        | 1 2 3 |  3.0
Shields        | 1 4 8 9 |  9.8
Evocations     | 1 |  1.6

Action                   |  1- 3 |  4- 6 |  7- 9 | 10-12 | 13-15 || total
-------------------------+-------+-------+-------+-------+-------++-------
Melee: Hand axe          |   100 |   117 |   318 |     6 |       ||   541
       Headbutt          |    12 |    25 |    82 |   118 |    66 ||   303
       Broad axe         |       |       |       |   362 |   237 ||   599
       War axe           |       |       |       |    47 |       ||    47
Invok: Berserk           |     1 |     6 |    15 |    22 |    11 ||    55
       Brothers in Arms  |       |       |     1 |    13 |     2 ||    16
Evoke: Wand              |       |       |       |     9 |     5 ||    14
       Lightning rod     |       |       |       |     2 |     7 ||     9
  Use: Scroll            |     4 |       |    13 |    11 |       ||    28
       Potion            |       |     5 |     3 |       |       ||     8
 Stab: Distracted        |       |       |       |     1 |       ||     1
       Petrified         |       |       |       |       |     1 ||     1
  Eat: Chunk             |     1 |    11 |    16 |    23 |    15 ||    66
       Ration            |     1 |       |     6 |    10 |     2 ||    19
Armor: Animal skin       |    37 |       |       |       |       ||    37
       Chain mail        |     3 |    71 |   181 |   101 |   106 ||   462
Dodge: Dodged            |    75 |    63 |   194 |   103 |   106 ||   541
Block: Shield            |       |       |       |   215 |   193 ||   408
       Reflection        |       |       |       |     3 |       ||     3
